 Dungeon Crawl Stone Soup version 0.13-a0-2606-g170388b (webtiles) character file.

190 Kae the Cudgeler (level 3, 0/33 HPs)
             Began as a Minotaur Berserker on Aug 4, 2013.
             Was a Believer of Trog.
             Slain by a hobgoblin
             ... wielding a +0,+0 orcish club
              (5 damage)
             ... on Level 2 of the Dungeon.
             The game lasted 00:00:58 (1269 turns).

Kae the Cudgeler (Minotaur Berserker)               Turns: 1269, Time: 00:00:58

HP   0/33        AC  1     Str 22      XL: 3   Next: 73%
MP   1/1         EV 12     Int  4      God: Trog [**....]
Gold 133         SH  0     Dex  9      Spells:  0 memorised,  2 levels left

Res.Fire  : . . .   See Invis. : .   a - +0 mace
Res.Cold  : . . .   Warding    : .   b - +0 animal skin
Life Prot.: . . .   Conserve   : .   (no shield)
Res.Poison: .       Res.Corr.  : .   (helmet restricted)
Res.Elec. : .       Clarity    : .   (no cloak)
Sust.Abil.: . .     Spirit.Shd : .   (no gloves)
Res.Mut.  : .       Stasis     : .   h - -2 pair of dwarf boots (curse)
Res.Rott. : .       Flight     : .   (no amulet)
Saprovore : . . .                    (no ring)
                                     (no ring)

@: regenerating, quite resistant to hostile enchantments, very unstealthy
A: retaliatory headbutt, horns 2
a: Burn Spellbooks, Berserk, Trog's Hand, Renounce Religion


You were on level 2 of the Dungeon.
You worshipped Trog.
Trog was most pleased with you.
You were not hungry.

You visited 1 branch of the dungeon, and saw 2 of its levels.

You collected 113 gold pieces.

Inventory:

Hand weapons
 a - a +0,+0 mace (weapon)
Armour
 b - a +0 animal skin (worn)
 h - a cursed -2 pair of dwarven boots (worn)
Comestibles
 c - 4 bread rations
 n - a pear
Scrolls
 d - 2 scrolls of identify {unknown}
 f - 3 scrolls of remove curse {unknown}
 k - a scroll of blinking {unknown}
 o - a scroll of fear {unknown}
Jewellery
 e - a +3 ring of strength {unknown}
 g - an uncursed amulet of inaccuracy {unknown}
Potions
 i - a potion of confusion {unknown}
 j - 4 potions of might {unknown}
 l - a potion of restore abilities {unknown}
 m - 2 potions of speed {unknown}


   Skills:
 - Level 3.6 Fighting
 + Level 5.7 Maces & Flails
 - Level 2.4 Armour
 - Level 2.1 Dodging


You had 2 spell levels left.
You didn't know any spells.

Dungeon Overview and Level Annotations

Branches:
Dungeon (2/27)

Altars:
Ashenzari
Nemelex Xobeh
the Shining One

Annotations
D:2 Sigmund


Innate Abilities, Weirdness & Mutations

You reflexively headbutt those who attack you in melee.
You have a pair of horns on your head.


Message History

You are too injured to fight recklessly!
You are too injured to fight recklessly!
You are too injured to fight recklessly!
You are too injured to fight recklessly!
You are too injured to fight recklessly!
You are too injured to fight recklessly!
You offer a prayer to Trog.
Trog only cares about fresh corpses!
Trog is most pleased with you.
A hobgoblin is nearby!
You are too injured to fight recklessly!
You are too injured to fight recklessly!
You are too injured to fight recklessly!
Unknown command.
Use which ability? (? or * to list)
Your skin crawls.
You feel resistant to hostile enchantments.
You feel slightly more hungry.
The hobgoblin hits you with an orcish club.
You die...

.##### .# .# .# .#
..##### .# . .....#.
.##.# ......{ ..#.#
#b......#### #.#.#
#.....g@..# # #.#.#
##...#.##.##)# #.#.#
... #.......#
#...##############.####
#.............. #.#
....###........ #.###
###............###...##
#.............#.###.#
###...#.###.# #.#.# #.#


You could see a hobgoblin and a bat.

Vanquished Creatures
  2 adders (D:2)
  A ball python (D:1)
  3 giant cockroaches
  6 hobgoblins
  A quokka (D:2)
  2 bats
  A giant newt (D:2)
  4 goblins
  10 kobolds
  7 rats
37 creatures vanquished.

Notes
Turn   | Place    | Note
--------------------------------------------------------------
     0 | D:1      | Kae, the Minotaur Berserker, began the quest for the Orb.
     0 | D:1      | Reached XP level 1. HP: 19/19 MP: 0/0
    74 | D:1      | Reached skill level 4 in Maces & Flails
   191 | D:1      | Reached XP level 2. HP: 26/26 MP: 0/0
   471 | D:1      | Acquired Trog's second power
   794 | D:2      | Reached skill level 5 in Maces & Flails
   794 | D:2      | Reached XP level 3. HP: 16/33 MP: 1/1
   919 | D:2      | Found a sparkling altar of Nemelex Xobeh.
  1029 | D:2      | Found a glowing golden altar of the Shining One.
  1231 | D:2      | Found a shattered altar of Ashenzari.
  1263 | D:2      | Noticed Sigmund
  1269 | D:2      | Slain by a hobgoblin

Action                   || total
-------------------------++-------
Melee: Mace              ||    71
Invok: Trog's Hand       ||     2
